 Dungeon Crawl Stone Soup version 0.31-a0-152-g6aa68a64a1 (webtiles) character file.

Game seed: 240328152650684018

209 qw the Shooter (level 5, -3/49 HPs)
             Began as a Naga Hunter on June 10, 2023.
             Slain by a black bear (6 damage)
             ... on level 4 of the Dungeon.
             The game lasted 00:00:55 (2412 turns).

qw the Shooter (Naga Hunter)                        Turns: 2412, Time: 00:00:56

Health: -3/49      AC:  4    Str: 13    XL:     5   Next: 87%
Magic:  5/5        EV:  9    Int:  9    God:
Gold:   161        SH:  0    Dex: 17    Spells: 4/4 levels left

rFire   . . .        Y - +2 shortbow
rCold   . . .        (shield currently unavailable)
rNeg    . . .        c - +0 leather armour
rPois   +            (no helmet)
rElec   .            f - +0 cloak
rCorr   .            (no gloves)
SInv    +            (no barding)
Will    .....        g - amulet of faith
Stlth   ++           (no ring)
HPRegen 0.28/turn    (no ring)
MPRegen 0.09/turn

%: faith
@: about to teleport, very slow
A: AC +1, large, see invisible, deformed body, poison resistance, slowness 2,
spit poison 1, naga tail 1
a: Spit Poison


You were on level 4 of the Dungeon.
You visited 1 branch of the dungeon, and saw 4 of its levels.

You collected 161 gold pieces.


Innate Abilities, Weirdness & Mutations

Your serpentine skin is tough. (AC +1)
You have supernaturally acute eyesight. (SInv)
Armour fits poorly on your strangely shaped body.
Your system is resistant to poisons. (rPois)
You cover ground very slowly.
You can spit poison.
You have a snake-like lower body.


   Skills:
 - Level 3.1 Fighting
 + Level 5.8 Ranged Weapons
 - Level 1.5 Dodging
 - Level 1.5 Stealth


You had 4 spell levels left.
You didn't know any spells.
Your spell library was empty.

Inventory:

Hand Weapons
 Y - a +2 shortbow (weapon)
Armour
 c - a +0 leather armour (worn)
 f - a +0 cloak (worn)
 h - a +1 leather armour of willpower
Jewellery
 g - an amulet of faith (around neck)
Scrolls
 d - a scroll of identify
Potions
 a - a potion of curing
 b - a potion of cancellation {unknown}
 e - a potion of haste {unknown}
 i - a potion of brilliance {unknown}
 k - a potion of berserk rage {unknown}

Dungeon Overview and Level Annotations

Branches:
Dungeon (4/15)
 Temple: D:4-7

Altars:
Elyvilon
Yredelemnul

Annotations:
D:3 1 runed translucent door


Message History

You shoot an arrow. The arrow hits the giant cockroach.
You kill the giant cockroach!
You have got your breath back.
2405 ||| INVOKING Spit Poison.
Aiming: Spit Poison (1% risk of failure)
Press: ? - help, Shift-Dir - straight line, f - black bear The splash of poison hits the black bear!
The black bear is poisoned.
The black bear is heavily wounded.
You shoot an arrow. The arrow barely misses the black bear.
The black bear bites you. The black bear claws you.
The black bear barely misses you.
You shoot an arrow.
The arrow closely misses the black bear.
The black bear closely misses you. The black bear barely misses you. x2
You shoot an arrow. The arrow barely misses the black bear.
You have got your breath back.
The black bear bites you.
The black bear claws you but does no damage. x2
2409 ||| INVOKING Spit Poison.
Aiming: Spit Poison (1% risk of failure)
Press: ? - help, Shift-Dir - straight line, f/p - black bear The splash of poison misses the black bear.
The black bear barely misses you. The black bear claws you.
The black bear claws you but does no damage.
You shoot an arrow. The arrow hits the black bear!
The black bear is severely wounded.
The black bear goes berserk!
You shoot an arrow.
The arrow closely misses the black bear.
You have got your breath back.
The black bear looks more healthy.
The black bear bites you!
The black bear claws you but does no damage.
The black bear claws you. The black bear bites you!
The black bear claws you. x2
2412 ||| READING scroll of teleportation.
As you read the scroll of teleportation, it crumbles to dust.
You feel strangely unstable. The black bear bites you.
The black bear claws you. The black bear barely misses you.
The black bear bites you.
You die...

#......#..........#
#.....####...........
##..#...# #...####....P
###..##...# #..## ..#.P
.....##...# #..# ..###
....####..# ##..# ...#
##..# #...#
#..####)...#
#..###...###...#../...#
##..##.........@h%.....
##......#####.....>.!..
##..#..### ##..#.....#
#.####..## ##.##.....
.## ##..## #.# #...# ##
###.# ##. #.## # ### ##
##


You could see a black bear (berserk).

Vanquished Creatures
  An orc priest (D:4)
  A human skeleton (D:3)
  A sleepcap (D:4)
  5 adders
  3 worms
  3 dart slugs
  5 orcs
  3 ball pythons
  6 endoplasms
  6 giant cockroaches
  2 goblins
  4 hobgoblins
  3 jackals (D:2)
  6 kobolds
  4 quokkas
  2 bats
  2 frilled lizards (D:2)
  7 rats
64 creatures vanquished.

Notes
Turn   | Place    | Note
-------+----------+-------------------------------------------
     0 | D:1      | qw the Naga Hunter began the quest for the Orb.
     0 | D:1      | Reached XP level 1. HP: 19/19 MP: 1/1
     0 | D:1      | 0 ||| qw: Version: 0.2-a-29-gd901d54
     0 | D:1      | 0 ||| qw: Game counter: 3983
     0 | D:1      | 0 ||| qw: Always use a shield: true
     0 | D:1      | 0 ||| qw: God list: Okawaru
     0 | D:1      | 0 ||| qw: Allow faded altars: false
     0 | D:1      | 0 ||| qw: Do Orc after D:15 true
     0 | D:1      | 0 ||| qw: Do second Lair branch before Depths: true
     0 | D:1      | 0 ||| qw: Lair rune preference: random
     0 | D:1      | 0 ||| qw: Plans: Normal
     0 | D:1      | 0 ||| PLANNING D:1-11
    72 | D:1      | 72 ||| INVOKING Spit Poison.
    79 | D:1      | 79 ||| INVOKING Spit Poison.
    83 | D:1      | 83 ||| INVOKING Spit Poison.
   124 | D:1      | 124 ||| INVOKING Spit Poison.
   233 | D:1      | Reached skill level 4 in Ranged Weapons
   233 | D:1      | Reached XP level 2. HP: 26/26 MP: 2/2
   440 | D:1      | 440 ||| INVOKING Spit Poison.
   501 | D:1      | 501 ||| INVOKING Spit Poison.
   711 | D:1      | 711 ||| UPGRADING to amulet of faith.
   716 | D:1      | 716 ||| DROPPING ring of wizardry.
   717 | D:1      | 717 ||| READING 2 scrolls labelled SUUGISERUL.
   718 | D:1      | 718 ||| READING scroll of enchant weapon.
   718 | D:1      | 718 ||| ENCHANTING +1 shortbow.
   719 | D:1      | 719 ||| READING scroll labelled FEIDGH RINURI.
   720 | D:1      | 720 ||| DROPPING scroll of butterflies.
   758 | D:2      | 758 ||| INVOKING Spit Poison.
   763 | D:2      | 763 ||| INVOKING Spit Poison.
   778 | D:2      | Found a white marble altar of Elyvilon.
   780 | D:2      | Reached XP level 3. HP: 32/32 MP: 3/3
   800 | D:2      | 800 ||| INVOKING Spit Poison.
   805 | D:2      | 805 ||| INVOKING Spit Poison.
   850 | D:2      | 850 ||| INVOKING Spit Poison.
   863 | D:2      | 863 ||| INVOKING Spit Poison.
   903 | D:2      | 903 ||| INVOKING Spit Poison.
   906 | D:2      | 906 ||| INVOKING Spit Poison.
   909 | D:2      | 909 ||| INVOKING Spit Poison.
   914 | D:2      | 914 ||| INVOKING Spit Poison.
   916 | D:2      | Reached skill level 5 in Ranged Weapons
   918 | D:2      | Reached XP level 4. HP: 13/39 MP: 4/4
  1071 | D:2      | 1071 ||| INVOKING Spit Poison.
  1079 | D:2      | 1079 ||| INVOKING Spit Poison.
  1093 | D:2      | 1093 ||| INVOKING Spit Poison.
  1097 | D:2      | 1097 ||| INVOKING Spit Poison.
  1125 | D:2      | 1125 ||| INVOKING Spit Poison.
  1178 | D:2      | 1178 ||| INVOKING Spit Poison.
  1179 | D:2      | 1179 ||| INVOKING Spit Poison.
  1242 | D:2      | Found a faded altar of an unknown god.
  1333 | D:2      | 1333 ||| READING scroll labelled ASEKLA OLIW.
  1334 | D:2      | 1334 ||| READING scroll labelled GILOSI ZOWEIN.
  1338 | D:2      | 1338 ||| READING scroll labelled POSU VIEKLEAREFI.
  1339 | D:2      | 1339 ||| DRINKING 2 glowing red potions.
  1340 | D:2      | 1340 ||| DROPPING potion of enlightenment.
  1363 | D:3      | 1363 ||| INVOKING Spit Poison.
  1376 | D:3      | 1376 ||| INVOKING Spit Poison.
  1392 | D:3      | 1392 ||| INVOKING Spit Poison.
  1436 | D:3      | 1436 ||| INVOKING Spit Poison.
  1565 | D:3      | 1565 ||| INVOKING Spit Poison.
  1606 | D:3      | 1606 ||| INVOKING Spit Poison.
  1614 | D:3      | 1614 ||| READING 2 scrolls of identify.
  1614 | D:3      | 1614 ||| IDENTIFYING fizzy coppery potion
  1618 | D:3      | 1618 ||| INVOKING Spit Poison.
  1621 | D:3      | 1621 ||| INVOKING Spit Poison.
  1623 | D:3      | Reached skill level 3 in Fighting
  1625 | D:3      | 1625 ||| INVOKING Spit Poison.
  1632 | D:3      | 1632 ||| INVOKING Spit Poison.
  1734 | D:3      | Found a runed translucent door.
  1734 | D:3      | Noticed a human
  1736 | D:3      | 1736 ||| INVOKING Spit Poison.
  1739 | D:3      | 1739 ||| INVOKING Spit Poison.
  1752 | D:3      | Reached XP level 5. HP: 44/49 MP: 5/5
  1791 | D:3      | Found a basalt altar of Yredelemnul.
  1817 | D:3      | 1817 ||| INVOKING Spit Poison.
  1863 | D:3      | 1863 ||| INVOKING Spit Poison.
  2038 | D:3      | 2038 ||| UPGRADING to +0 cloak.
  2116 | D:4      | 2116 ||| INVOKING Spit Poison.
  2117 | D:4      | 2117 ||| Stepping ~*~*~tactically~*~*~ (outnumbered).
  2118 | D:4      | 2118 ||| Stepping ~*~*~tactically~*~*~ (outnumbered).
  2121 | D:4      | 2121 ||| INVOKING Spit Poison.
  2127 | D:4      | 2127 ||| INVOKING Spit Poison.
  2132 | D:4      | 2132 ||| INVOKING Spit Poison.
  2139 | D:4      | 2139 ||| INVOKING Spit Poison.
  2347 | D:4      | 2347 ||| INVOKING Spit Poison.
  2398 | D:4      | 2398 ||| INVOKING Spit Poison.
  2400 | D:4      | Noticed a black bear
  2405 | D:4      | 2405 ||| INVOKING Spit Poison.
  2409 | D:4      | 2409 ||| INVOKING Spit Poison.
  2411 | D:4      | HP: 10/49 [black bear (4)]
  2412 | D:4      | 2412 ||| READING scroll of teleportation.
  2412 | D:4      | HP: 3/49 [black bear (2)]
  2412 | D:4      | Slain by a black bear

Levels and vault maps discovered:
D:1:      lightli_iron_boxes, layout_basic
D:2:      layout_rooms, basic_altar,
          dreamdust_ecumenical_altar_angels_and_demons, serial_bayou_pond_b
D:3:      layout_loops_ring, dk_yredelemnul_ordeal, minmay_checkerbox
D:4:      layout_layer_cave, amethyst_overflow_temple_binary,
          uniq_crazy_yiuf_cottage

Skill      XL: |  1  2  3  4 |
---------------+-------------+-----
Ranged Weapons | 4 5 |  5.8
Fighting       | 3 |  3.1
Dodging        | |  1.5
Stealth        | |  1.5

Action                     |  1- 3 |  4- 6 || total
---------------------------+-------+-------++-------
   Fire: Shortbow          |    46 |    99 ||   145
Ability: Spit Poison       |    16 |    29 ||    45
    Use: Scroll            |     3 |     5 ||     8
         Potion            |       |     1 ||     1
 Armour: Leather armour    |    10 |    19 ||    29
  Dodge: Dodged            |    19 |    30 ||    49

Table legend:
 A = Non-vault XP
 B = Vault XP
 C = Vault XP percentage of total XP
 D = Non-vault monster count
 E = Vault monster count
 F = Vault count percentage of total count
                 A         B        C        D         E       F
            +---------+---------+-------+---------+---------+-------
      Total |     236 |      63 |  21.1 |      55 |       9 |  14.1
            +---------+---------+-------+---------+---------+-------
        D:1 |      16 |       0 |   0.0 |       8 |       0 |   0.0
        D:2 |      93 |       9 |   8.8 |      23 |       4 |  14.8
        D:3 |      28 |      54 |  65.9 |      13 |       5 |  27.8
        D:4 |      99 |       0 |   0.0 |      11 |       0 |   0.0
            +---------+---------+-------+---------+---------+-------
